 Dungeon Crawl Stone Soup version 0.28.0-49-g6dfe1f597d (webtiles) character file.

Game seed: 8940108240190258739

3640 Zeld the Geomancer (level 10, -5/64 HPs)
             Began as a Gargoyle Earth Elementalist on May 18, 2022.
             Was an Initiate of Vehumet.
             Killed from afar by Erica (24 damage)
             ... with a lance of force
             ... on level 8 of the Dungeon.
             The game lasted 00:12:31 (10008 turns).

Zeld the Geomancer (Gargoyle Earth Elementalist)   Turns: 10008, Time: 00:12:31

Health: -5/64      AC: 13    Str: 11    XL:     10   Next: 12%
Magic:  7/20       EV: 11    Int: 21    God:    Vehumet [......]
Gold:   380        SH:  0    Dex: 10    Spells: 17/23 levels left

rFire   + . .      SeeInvis .   a - +0 morningstar
rCold   . . .      Faith    .   (no shield)
rNeg    + . .      Spirit   .   b - +0 robe
rPois   ∞          Reflect  .   (no helmet)
rElec   +          Harm     .   s - +0 cloak
rCorr   .          Rampage  .   f - +2 pair of gloves of a ziggurat {rF+}
Will    .....                   (no boots)
Stlth   +++.......              n - amulet of magic regeneration
HPRegen 0.20/turn               (no ring)
MPRegen 0.57/turn               (no ring)

@: slowed, very slow
A: sickness immunity, AC +7, negative energy resistance 1, electricity
resistance, torment resistance 1, petrification resistance
a: Renounce Religion


You were on level 8 of the Dungeon.
You worshipped Vehumet.
Vehumet was noncommittal.
You visited 2 branches of the dungeon, and saw 9 of its levels.

You collected 380 gold pieces.

Inventory:

Hand Weapons
 a - a +0 morningstar (weapon)
Missiles
 c - 342 stones
Armour
 b - a +0 robe (worn)
 f - the +2 pair of gloves of a ziggurat (worn) {rF+}
   (You found it on level 2 of the Dungeon)

   rF:        It protects you from fire.
 s - a +0 cloak (worn)
Jewellery
 n - an amulet of magic regeneration (around neck)
Wands
 g - a wand of flame (9)
Scrolls
 d - a scroll of vulnerability {unknown}
 h - 2 scrolls of amnesia {unknown}
 i - a scroll of noise {unknown}
 j - 4 scrolls of enchant armour {unknown}
 k - 3 scrolls of fog {unknown}
 l - 4 scrolls of identify {unknown}
 p - 4 scrolls of immolation {unknown}
 r - a scroll of summoning {unknown}
 v - 2 scrolls of enchant weapon {unknown}
 w - a scroll of brand weapon {unknown}
 x - a scroll of blinking {unknown}
Potions
 e - 2 potions of degeneration {unknown}
 m - 2 potions of curing {unknown}
 q - a potion of cancellation {unknown}
 t - 2 potions of magic {unknown}
 u - 4 potions of berserk rage {unknown}


   Skills:
 * Level 8.2 Fighting
 - Level 1.5 Dodging
 + Level 6.7 Stealth
 * Level 7.2 Spellcasting
 - Level 1.0 Transmutations
 * Level 9.8 Earth Magic


You had 17 spell levels left.
You knew the following spells:

 Your Spells              Type           Power      Damage    Failure   Level
a - Sandblast             Erth           96%        2d20      1%          1
b - Passwall              Tmut/Erth      25%        N/A       1%          2
c - Stone Arrow           Conj/Erth      56%        3d10      3%          3

Your spell library contained the following spells:

 Spells                   Type           Power      Damage    Failure   Level
 Petrify                  Tmut/Erth      30%        N/A       10%         4
 Dazzling Flash           Conj/Hex       14%        N/A       26%         3
 Agony                    Necr           7%         N/A       94%         5
 Silence                  Hex/Air        3%         N/A       94%         5


Dungeon Overview and Level Annotations

Branches:
Dungeon (7/15)             Temple (1/1) D:7

Altars:
Ashenzari
Cheibriados
Dithmenos
Elyvilon
Fedhas
Hepliaklqana
Kikubaaqudgha
Makhleb
Nemelex Xobeh
Okawaru
Ru
Sif Muna
Trog
Uskayaw
Vehumet
Xom
Yredelemnul
Zin
The Shining One

Shops:
D:4 *

Annotations:
D:3 3 runed translucent doors, osoart's ghost, amateur OgFi
D:8 Erica


Innate Abilities, Weirdness & Mutations

You are immune to sickness and miasma.
Your stone body is resilient. (AC +7)
You are immune to poison.
You resist negative energy. (rN+)
You are resistant to electric shocks. (rElec)
You are resistant to unholy torment.
You are immune to petrification.


Message History

Aim: Erica, wielding a +4 scimitar of flaming and wearing a +0 robe (heavily wounded, 68% to hit)
The stone arrow hits Erica!
Erica is severely wounded.
Erica hits you with a +4 scimitar of flaming!
Erica burns you.
Erica is nearby!
Casting: Stone Arrow (dangerous; 3% risk of failure)
Confirm with . or Enter, or press ? or * to list all spells.
You don't have enough magic to cast this spell.
Unknown command.
Unknown command.
Erica is nearby!
Casting: Stone Arrow (dangerous; 3% risk of failure)
Confirm with . or Enter, or press ? or * to list all spells.
You don't have enough magic to cast this spell.
You closely miss Erica.
Erica is severely wounded.
Erica barely misses you. Erica closely misses you.
You completely miss Erica. Your punch misses Erica.
Erica is severely wounded.
Erica casts a spell at you.
The bolt of poison hits you but does no damage.
You resist.
You hit Erica.
Erica is severely wounded.
Erica casts a spell.
Erica flickers and vanishes!
Deactivating autopickup; reactivate with Ctrl-A.
Something hits you.
Your magical contamination has completely faded away.
You hit something. Something hits you! Something burns you.
You barely miss something. Something hits you but does no damage.
You hear some strange, mumbled words.
You feel yourself slow down.
You hit something.
Something hits you! x2; Something burns you.
* * * LOW HITPOINT WARNING * * *
You hear some strange, mumbled words.
A lance of force appears from out of thin air!
The lance of force hits you!!
You die...

#########
#.......#
#.......#
###.......##
#>.@.{......
#.#.#######.
##########.#.#
...........#.##
######.......#
#.........#
#.#.......#
#)#.......#
#.#.......#


There were no monsters in sight!

Vanquished Creatures
  Maggie (D:7)
  Grinder (D:4)
  Prince Ribbit (D:7)
  4 water moccasins
  An orc warrior (D:7)
  An ice beast (D:6)
  A black bear (D:4)
  2 sky beasts
  A necrophage (D:7)
  2 ogres
  4 centaurs
  2 phantoms
  2 kobold brigands
  2 scorpions
  3 wights (D:7)
  A howler monkey (D:5)
  A centaur zombie (D:7)
  A jelly (D:7)
  5 hounds
  A gnoll shaman (D:6)
  3 orc priests
  A bullfrog skeleton (D:4)
  3 iguanas
  A centaur skeleton (D:7)
  Jessica (D:2)
  2 orc wizards
  A hound skeleton (D:4)
  3 howler monkey zombies
  18 gnolls
  6 adders
  A white imp (D:7)
  An ufetubus (D:6)
  4 worms
  A dart slug (D:2)
  6 orcs
  9 ball pythons
  An endoplasm (D:3)
  3 giant cockroaches
  38 goblins
  25 hobgoblins
  4 jackals (D:4)
  4 quokkas
  8 bats
  2 frilled lizards
  15 kobolds
  4 rats
202 creatures vanquished.

Vanquished Creatures (others)
  A goblin (D:5)
1 creature vanquished.

Grand Total: 203 creatures vanquished

Notes
Turn   | Place    | Note
-------+----------+-------------------------------------------
     0 | D:1      | Zeld the Gargoyle Earth Elementalist began the quest for
                  | the Orb.
     0 | D:1      | Reached XP level 1. HP: 10/10 MP: 3/3
   223 | D:1      | Reached XP level 2. HP: 16/16 MP: 3/5
   259 | D:1      | Learned a level 2 spell: Passwall
   575 | D:1      | Reached skill level 1 in Fighting
   673 | D:1      | Reached skill level 1 in Transmutations
   673 | D:1      | Reached skill level 4 in Earth Magic
   939 | D:1      | Reached XP level 3. HP: 20/20 MP: 4/6
   946 | D:1      | Learned a level 3 spell: Stone Arrow
  1226 | D:2      | Identified the +2 pair of gloves of a ziggurat {rF+}
  1262 | D:2      | Noticed Jessica
  1266 | D:2      | Killed Jessica
  1356 | D:2      | Reached XP level 4. HP: 26/26 MP: 4/7
  2164 | D:2      | Reached XP level 5. HP: 15/31 MP: 2/9
  3004 | D:3      | Reached skill level 5 in Earth Magic
  3367 | D:3      | Found a faded altar of an unknown god.
  3550 | D:3      | Found a runed translucent gate.
  3550 | D:3      | Found a runed translucent gate.
  3550 | D:3      | Found a runed translucent gate.
  3550 | D:3      | Noticed a kobold brigand
  3550 | D:3      | Noticed osoart's ghost (amateur OgFi)
  3704 | D:3      | Found a sacrificial altar of Ru.
  3724 | D:3      | Reached XP level 6. HP: 23/37 MP: 6/11
  4109 | D:4      | Found Duenguru's Serpentskin Sales.
  4109 | D:4      | Noticed a water moccasin
  4109 | D:4      | Noticed a water moccasin
  4111 | D:4      | Noticed a water moccasin
  4136 | D:3      | Killed a water moccasin
  4410 | D:2      | Killed a water moccasin
  4411 | D:2      | Reached XP level 7. HP: 19/42 MP: 1/12
  4695 | D:3      | Reached skill level 6 in Earth Magic
  5090 | D:4      | Noticed Grinder
  5100 | D:4      | Killed Grinder
  5101 | D:4      | Reached XP level 8. HP: 48/48 MP: 6/14
  5192 | D:4      | Reached skill level 5 in Fighting
  5594 | D:4      | Reached skill level 7 in Earth Magic
  5936 | D:5      | Entered Level 5 of the Dungeon
  5942 | D:5      | Reached skill level 5 in Spellcasting
  6167 | D:5      | Found a shadowy altar of Dithmenos.
  6186 | D:5      | Reached skill level 5 in Stealth
  7654 | D:5      | Reached XP level 9. HP: 44/56 MP: 17/17
  7771 | D:5      | Reached skill level 8 in Earth Magic
  8952 | D:7      | Reached skill level 9 in Earth Magic
  9011 | D:7      | Noticed Prince Ribbit
  9020 | D:7      | Killed Prince Ribbit
  9409 | D:7      | Found a staircase to the Ecumenical Temple.
  9419 | Temple   | Entered the Ecumenical Temple
  9437 | Temple   | Became a worshipper of Vehumet
  9655 | D:7      | Noticed Maggie
  9664 | D:7      | Killed Maggie
  9665 | D:7      | Reached XP level 10. HP: 63/64 MP: 2/20
  9762 | D:7      | Found a hazy altar of Hepliaklqana.
  9770 | D:7      | You fall into a shaft and drop 1 floor!
  9992 | D:8      | Noticed Erica
 10008 | D:8      | Killed from afar by Erica

Illustrated notes

Levels and vault maps discovered:
D:1:      ebering_trefoil_twist, layout_basic
D:2:      cheibrodos_pilgrimage, layout_basic, uniq_jessica
D:3:      layout_rooms, nicolae_ru_great_annihilating_truth,
          ebering_ecumenical_altar_mist, gammafunk_ghost_nasty_kobolds
D:4:      layout_basic, guppyfry_shop_venom, uniq_grinder
D:5:      minmay_goblin_kobold_castle, layout_basic, lemuel_tele_altar
D:6:      layout_cave_pools
D:7:      layout_basic, nicolae_hepliaklqana_hazy_memory,
          minmay_temple_entry_poolview, uniq_maggie, uniq_prince_ribbit1
D:8:      layout_basic, minmay_manual_mess, uniq_erica, uniq_harold
Temple:   nicolae_temple_x_marks_the_god

Skill      XL: |  1  2  3  4  5  6  7  8  9 |
---------------+----------------------------+-----
Fighting       | 1 2 3 4 6 8 |  8.2
Transmutations | 1 |  1.0
Earth Magic    | 4 5 6 7 9 |  9.8
Spellcasting   | 3 4 5 7 |  7.2
Stealth        | 3 4 5 6 |  6.7
Dodging        | |  1.5

Action                   |  1- 3 |  4- 6 |  7- 9 | 10-12 || total
-------------------------+-------+-------+-------+-------++-------
Melee: Unarmed           |    31 |     3 |       |       ||    34
       Morningstar       |       |    85 |   101 |    10 ||   196
       Punch             |       |     1 |     1 |       ||     2
 Cast: Sandblast         |    42 |    28 |       |       ||    70
       Stone Arrow       |       |    20 |   175 |    22 ||   217
 Stab: Sleeping          |       |     6 |     2 |       ||     8
       Paralysed         |       |     2 |       |       ||     2
       Distracted        |       |       |     1 |       ||     1
Armor: Robe              |    23 |    70 |   147 |     5 ||   245
Dodge: Dodged            |    31 |    90 |   192 |    17 ||   330
